[Event "December 12 Late 2023"]
[Site "https://www.chess.com"]
[Date "2023.12.12"]
[Round "1"]
[White "MasterofMasters2006"]
[Black "Kopczynski, Michal"]
[Result "0-1"]
[Board "158"]
[TimeControl "180+1"]
[BlackFideId "1124200"]
[WhiteElo "2059"]
[BlackElo "2526"]
[BlackTeam "POL"]
[WhiteClock "0:00:04"]
[BlackClock "0:00:22"]

1. d4 Nf6 2. c4 g6 3. f3 Bg7 4. e4 d6 5. Nc3 O-O 6. Be3 e5 7. d5 Nh5 8. g4 Nf4 9. h4 f5 10. gxf5 gxf5 11. Nge2 fxe4 12. Nxe4 Kh8 13. Qd2 c6 14. dxc6 Nxc6 15. O-O-O Be6 16. b3 d5 17. Ng5 Bg8 18. Bxf4 exf4 19. cxd5 Qf6 20. Qc2 Nb4 21. Qb1 Rac8+ 22. Kd2 Nxd5 23. Ke1 Ne3 24. Rd7 h6 25. Bh3 Rc2 26. Be6 Bxe6 27. Rd2 Bf5 28. Nd4 Rxd2 29. Nxf5 Rd1+ 0-1

[Event "December 12 Late 2023"]
[Site "https://www.chess.com"]
[Date "2023.12.12"]
[Round "1"]
[White "YurasovMat-2012"]
[Black "Diaz Garcia, Lianet"]
[Result "0-1"]
[Board "159"]
[TimeControl "180+1"]
[BlackFideId "3526747"]
[WhiteElo "2524"]
[BlackElo "2052"]
[BlackTeam "CUB"]
[WhiteClock "0:00:00"]
[BlackClock "0:00:07"]

1. e4 c5 2. Nf3 d6 3. Bb5+ Nc6 4. d4 cxd4 5. Nxd4 Bd7 6. O-O g6 7. c4 Bg7 8. Be3 Nf6 9. Nc3 O-O 10. f3 Nxd4 11. Bxd4 a6 12. Bxd7 Nxd7 13. Bxg7 Kxg7 14. Qd4+ Kg8 15. Kh1 Qb6 16. Qd2 Rfc8 17. b3 Nf6 18. Rad1 Qa5 19. a4 Qb4 20. Nd5 Nxd5 21. exd5 Qxb3 22. Rfe1 Rc7 23. c5 dxc5 24. d6 exd6 25. Qxd6 Rac8 26. a5 c4 27. Rd4 c3 28. Rde4 Qb5 29. Re5 Qc6 30. Qd1 c2 31. Qc1 Qa4 32. h3 h5 33. Kh2 Rd7 34. Qh6 Rd1 35. Rc5 Rxc5 36. Re4 Qxe4 37. fxe4 c1=Q 0-1

[Event "December 12 Late 2023"]
[Site "https://www.chess.com"]
[Date "2023.12.12"]
[Round "1"]
[White "De Souza, Arthur Olintho"]
[Black "Lin, Bryan Enming"]
[Result "0-1"]
[Board "160"]
[TimeControl "180+1"]
[WhiteFideId "2116200"]
[BlackFideId "30987121"]
[WhiteElo "2044"]
[BlackElo "2523"]
[WhiteTeam "BRA"]
[BlackTeam "USA"]
[WhiteClock "0:02:02"]
[BlackClock "0:02:46"]

1. e4 e5 2. Nf3 Nc6 3. d4 exd4 4. Nxd4 Bb4+ 5. c3 Bc5 6. Nxc6 bxc6 7. Bd3 Qh4 8. O-O Nf6 9. e5 Ng4 10. h3 Nxf2 0-1

[Event "December 12 Late 2023"]
[Site "https://www.chess.com"]
[Date "2023.12.12"]
[Round "1"]
[White "Sroczynski, Maciej"]
[Black "Hernandez Bonilla, Amelia"]
[Result "1-0"]
[Board "161"]
[TimeControl "180+1"]
[WhiteFideId "1121472"]
[BlackFideId "3900193"]
[WhiteElo "2523"]
[BlackElo "2037"]
[WhiteTeam "POL"]
[BlackTeam "VEN"]
[WhiteClock "0:00:49"]
[BlackClock "0:00:21"]

1. e4 c5 2. Nf3 d6 3. d4 cxd4 4. Nxd4 Nf6 5. Nc3 Nc6 6. Nb3 e5 7. Bg5 Be6 8. g3 Be7 9. Bg2 O-O 10. Bxf6 Bxf6 11. O-O Qd7 12. Nd5 Bd8 13. c3 f5 14. exf5 Bxf5 15. Nd2 Kh8 16. Ne4 Ne7 17. a4 Nxd5 18. Qxd5 Be7 19. Rfd1 Rad8 20. Rd2 Be6 21. Qd3 d5 22. Qe3 Qc6 23. Ng5 Bc5 24. Qxe5 Bg8 25. c4 Rde8 26. cxd5 Rxe5 27. dxc6 Rxg5 28. cxb7 Rgf5 29. Rc1 Rxf2 30. Rxf2 Bxf2+ 31. Kh1 Be6 32. Rf1 Kg8 33. Rxf2 Rd8 34. h3 h5 35. Re2 Kf7 36. Re5 g6 37. Ra5 Rd1+ 38. Kh2 1-0

[Event "December 12 Late 2023"]
[Site "https://www.chess.com"]
[Date "2023.12.12"]
[Round "1"]
[White "Phillips, Rene"]
[Black "Osmak, Yuliia"]
[Result "0-1"]
[Board "162"]
[TimeControl "180+1"]
[WhiteFideId "2056275"]
[BlackFideId "14101602"]
[WhiteElo "2031"]
[BlackElo "2523"]
[WhiteTeam "USA"]
[BlackTeam "UKR"]
[WhiteClock "0:01:20"]
[BlackClock "0:01:48"]

1. Nf3 c5 2. b3 Nc6 3. e3 d5 4. Bb2 Nf6 5. Bb5 Bd7 6. O-O e6 7. Be2 Bd6 8. d4 O-O 9. dxc5 Bxc5 10. c4 Qe7 11. Nc3 dxc4 12. Bxc4 Rfd8 13. Qe2 a6 14. Na4 Ba7 15. Bd3 Nb4 16. Bb1 Bb5 17. Qe1 Nd3 18. Qd2 Nxb2 19. Qxb2 Bxf1 20. Kxf1 Rac8 21. Nc3 Qc7 22. Ne2 Rd1+ 23. Ne1 Kh8 24. Nd4 Bxd4 25. Qxd4 Rxd4 0-1

[Event "December 12 Late 2023"]
[Site "https://www.chess.com"]
[Date "2023.12.12"]
[Round "1"]
[White "Morris-Suzuki, Alan H"]
[Black "Gulamirian, Korun"]
[Result "1-0"]
[Board "163"]
[TimeControl "180+1"]
[WhiteFideId "30933218"]
[BlackFideId "4144899"]
[WhiteElo "2522"]
[BlackElo "2026"]
[WhiteTeam "USA"]
[BlackTeam "RUS"]
[WhiteClock "0:00:13"]
[BlackClock "0:00:00"]

1. Nf3 Nf6 2. g3 d5 3. Bg2 c6 4. O-O g6 5. c4 Bg7 6. d4 O-O 7. Nc3 dxc4 8. a4 Nbd7 9. e4 Ne8 10. Qe2 Nc7 11. Qxc4 Nb6 12. Qd3 e5 13. a5 Nd7 14. Bg5 Qe8 15. d5 cxd5 16. exd5 Nc5 17. Qc4 h6 18. Be3 e4 19. Nd2 N7a6 20. b4 Nd3 21. b5 Nab4 22. Ndxe4 Bf5 23. Nd6 Qe5 24. Nxf5 Qxf5 25. Bd4 Bxd4 26. Qxd4 Nc2 27. Qa4 Nxa1 28. Be4 Qe5 29. Qxa1 Rac8 30. Bxd3 Qxc3 31. Be4 f5 32. Bg2 Qxa1 33. Rxa1 Rc5 34. b6 axb6 35. axb6 Rd8 36. Ra7 1-0

[Event "December 12 Late 2023"]
[Site "https://www.chess.com"]
[Date "2023.12.12"]
[Round "1"]
[White "regolita"]
[Black "Korchynskyi, Mykola"]
[Result "0-1"]
[Board "164"]
[TimeControl "180+1"]
[BlackFideId "34138005"]
[WhiteElo "2026"]
[BlackElo "2520"]
[BlackTeam "UKR"]
[WhiteClock "0:00:00"]
[BlackClock "0:00:04"]

1. d4 d5 2. c4 e6 3. Nc3 Nf6 4. Nf3 Be7 5. cxd5 exd5 6. Bf4 O-O 7. e3 c6 8. Bd3 Bg4 9. h3 Bh5 10. Qc2 Nbd7 11. Ne5 Bg6 12. Nxg6 fxg6 13. O-O Nb6 14. a4 Bd6 15. Bg5 a6 16. a5 Nc8 17. Qb3 Rb8 18. e4 Kh8 19. e5 Be7 20. exf6 Bxf6 21. Bxf6 Qxf6 22. Qd1 Qxd4 23. Ra4 Qf6 24. Qg4 Nd6 25. g3 Rbe8 26. Rf4 Qe5 27. Rxf8+ Rxf8 28. Qh4 Qe6 29. Ne2 Nf5 30. Bxf5 Qxf5 31. Qe7 h6 32. Nd4 Qf7 33. Qxf7 Rxf7 34. Re1 Kh7 35. Kg2 c5 36. Ne6 c4 37. Rd1 Rf5 38. g4 Re5 39. Nf8+ Kg8 40. Nd7 Re2 41. Rxd5 Rxb2 42. Rc5 Rb5 43. Rxc4 Rxa5 44. Rc7 Rb5 45. Nc5 a5 46. Ne6 a4 47. Rxg7+ Kh8 48. Rxg6 a3 49. Rxh6+ Kg8 50. Nd4 Rb2 51. Rg6+ Kf7 52. Rd6 a2 0-1

[Event "December 12 Late 2023"]
[Site "https://www.chess.com"]
[Date "2023.12.12"]
[Round "1"]
[White "Rizzo, Tobias"]
[Black "Desideri, Ricardo Maruchi"]
[Result "1-0"]
[Board "165"]
[TimeControl "180+1"]
[WhiteFideId "30942691"]
[BlackFideId "2110440"]
[WhiteElo "2519"]
[BlackElo "2023"]
[WhiteTeam "USA"]
[BlackTeam "BRA"]
[WhiteClock "0:02:14"]
[BlackClock "0:01:45"]

1. d4 Nf6 2. Bg5 e6 3. e4 h6 4. Bxf6 Qxf6 5. c3 c5 6. Nf3 Nc6 7. Bb5 a6 8. Bxc6 bxc6 9. O-O d5 10. Nbd2 Be7 11. Re1 O-O 12. Ne5 cxd4 13. Nxc6 dxc3 14. e5 Qg5 15. Nf3 cxb2 16. Nxg5 bxa1=Q 17. Nxe7+ Kh8 18. Qxa1 hxg5 19. Qc3 1-0

[Event "December 12 Late 2023"]
[Site "https://www.chess.com"]
[Date "2023.12.12"]
[Round "1"]
[White "Smirnov, Timofey"]
[Black "Makaraci, Tunahan"]
[Result "0-1"]
[Board "166"]
[TimeControl "180+1"]
[WhiteFideId "24176427"]
[BlackFideId "6356559"]
[WhiteElo "2022"]
[BlackElo "2517"]
[WhiteTeam "RUS"]
[BlackTeam "TUR"]
[WhiteClock "0:00:00"]
[BlackClock "0:00:10"]

1. d4 d5 2. Bf4 c5 3. e3 Nc6 4. c3 Nf6 5. Nd2 Bf5 6. Qb3 Qd7 7. dxc5 e5 8. Bg3 Bxc5 9. Ngf3 e4 10. Nd4 Bxd4 11. cxd4 O-O 12. Be2 Rac8 13. O-O a6 14. Rac1 Bg4 15. Bxg4 Nxg4 16. h3 Nh6 17. Rc5 Rfd8 18. Rfc1 Nf5 19. Bh2 h6 20. a3 b5 21. Qd1 Na5 22. b4 Nc4 23. Nxc4 bxc4 24. a4 Rc6 25. Qc2 Rg6 26. b5 axb5 27. axb5 Rxg2+ 28. Kxg2 Nh4+ 29. Kf1 Qxh3+ 30. Ke1 Nf3+ 31. Ke2 Qxh2 32. Qd1 Qh5 33. Kf1 Rd6 0-1

[Event "December 12 Late 2023"]
[Site "https://www.chess.com"]
[Date "2023.12.12"]
[Round "1"]
[White "Reprintsev, Alexander"]
[Black "Reinecke, Katharina"]
[Result "1-0"]
[Board "167"]
[TimeControl "180+1"]
[WhiteFideId "14100541"]
[BlackFideId "12929727"]
[WhiteElo "2517"]
[BlackElo "2011"]
[WhiteTeam "UKR"]
[BlackTeam "GER"]
[WhiteClock "0:00:49"]
[BlackClock "0:00:00"]

1. e4 c6 2. Nc3 d5 3. Nf3 Bg4 4. h3 Bxf3 5. Qxf3 e6 6. b3 Nf6 7. e5 Nfd7 8. Qg3 c5 9. f4 Nc6 10. Bb2 Qc7 11. O-O-O a6 12. h4 O-O-O 13. h5 Rg8 14. Bd3 g6 15. hxg6 hxg6 16. Rh7 Bg7 17. Rdh1 Nd4 18. Qh3 Kb8 19. g4 c4 20. bxc4 dxc4 21. Be4 Nc5 22. Qe3 Nxe4 23. Nxe4 Nb5 24. a4 c3 25. Nxc3 Nxc3 26. Bxc3 Qc4 27. Qb6 Qxa4 28. Rxg7 Qxf4 29. Rxg8 Rxg8 30. Bd4 Qxg4 31. Qa7+ Kc7 32. Rf1 f5 33. exf6 Qg2 34. Rg1 Qe2 35. f7 Rf8 36. Qc5+ Kb8 37. Qxf8+ Kc7 38. Qc5+ Kd7 39. f8=Q Qe1+ 40. Rxe1 1-0

[Event "December 12 Late 2023"]
[Site "https://www.chess.com"]
[Date "2023.12.12"]
[Round "2"]
[White "Nihal Sarin"]
[Black "Solon, Nathan"]
[Result "1-0"]
[Board "1"]
[TimeControl "180+1"]
[WhiteFideId "25092340"]
[BlackFideId "2017229"]
[WhiteElo "3143"]
[BlackElo "2653"]
[WhiteTeam "IND"]
[BlackTeam "USA"]
[WhiteClock "0:00:46"]
[BlackClock "0:00:01"]

1. c4 c6 2. Nf3 d5 3. e3 Nf6 4. Nc3 e6 5. b3 Bd6 6. Bb2 O-O 7. d4 Nbd7 8. Bd3 e5 9. cxd5 cxd5 10. dxe5 Nxe5 11. Be2 Nc6 12. O-O a6 13. Rc1 Re8 14. h3 Be6 15. Bd3 Qd7 16. Ng5 Bf5 17. Na4 Bxd3 18. Qxd3 Ne4 19. Nb6 Qe7 20. Nxa8 Qxg5 21. Nb6 Ne5 22. Bxe5 Qxe5 23. f4 Qb2 24. Rc2 Qa3 25. Qxd5 Qb4 26. Rc4 Qxb6 27. Rxe4 Rd8 28. Rd1 g6 29. Qc4 Bf8 30. Rxd8 Qxd8 31. Rd4 Qb6 32. Kf2 Bc5 33. Rd7 Bxe3+ 34. Kf3 Bc5 35. Qxf7+ Kh8 36. Qxh7# 1-0

[Event "December 12 Late 2023"]
[Site "https://www.chess.com"]
[Date "2023.12.12"]
[Round "2"]
[White "Ehlvest, Jaan"]
[Black "Dubov, Daniil"]
[Result "0-1"]
[Board "2"]
[TimeControl "180+1"]
[WhiteFideId "4500016"]
[BlackFideId "24126055"]
[WhiteElo "2647"]
[BlackElo "3121"]
[WhiteTeam "USA"]
[BlackTeam "RUS"]
[WhiteClock "0:00:00"]
[BlackClock "0:00:04"]

1. e4 c5 2. Nf3 Nc6 3. d4 cxd4 4. Nxd4 Nf6 5. Nc3 e5 6. Ndb5 d6 7. Bg5 a6 8. Na3 b5 9. Bxf6 gxf6 10. Nab1 f5 11. Bd3 Rg8 12. g3 Nd4 13. exf5 d5 14. O-O e4 15. Nxe4 dxe4 16. Bxe4 Ra7 17. Nc3 Bg7 18. Qh5 Kf8 19. Rfe1 Rd7 20. Ne2 h6 21. Nf4 Rd6 22. c3 Nc6 23. Rad1 Ne7 24. Rxd6 Qxd6 25. Rd1 Qc7 26. f6 Bxf6 27. Qxh6+ Bg7 28. Qh5 Rh8 29. Qf3 Bd7 30. Bd5 Kg8 31. Ng6 Nxd5 32. Nxh8 Nf6 33. Qa8+ Be8 34. Rd8 Qe7 35. Nxf7 Kxf7 36. Rd1 Kg6 37. Qxa6 Qe4 38. Qd6 Bc6 39. Qd3 Kf7 40. Qxe4 Nxe4 41. Rd8 Ng5 42. Rc8 Bd7 43. Rc7 Ke6 44. Rb7 Nf3+ 45. Kg2 Nd2 0-1

[Event "December 12 Late 2023"]
[Site "https://www.chess.com"]
[Date "2023.12.12"]
[Round "2"]
[White "Andreikin, Dmitry"]
[Black "Kokoszczynski, Jan"]
[Result "1-0"]
[Board "3"]
[TimeControl "180+1"]
[WhiteFideId "4158814"]
[BlackFideId "1174460"]
[WhiteElo "3107"]
[BlackElo "2638"]
[WhiteTeam "FID"]
[BlackTeam "POL"]
[WhiteClock "0:01:21"]
[BlackClock "0:00:00"]

1. d4 Nf6 2. Bg5 e6 3. Nd2 h6 4. Bh4 d5 5. e3 Bd6 6. c4 b6 7. cxd5 exd5 8. Ngf3 O-O 9. Ne5 Re8 10. f4 c5 11. Bb5 Bd7 12. Bd3 Nc6 13. Ndf3 Ne7 14. O-O Nf5 15. Bxf6 gxf6 16. Nxd7 Qxd7 17. Ne5 Qe6 18. Qh5 Ng7 19. Qxh6 fxe5 20. Qh7+ Kf8 21. fxe5 Bxe5 22. dxe5 Qxe5 23. Bg6 Qxe3+ 24. Kh1 1-0

[Event "December 12 Late 2023"]
[Site "https://www.chess.com"]
[Date "2023.12.12"]
[Round "2"]
[White "Jaracz, Pawel"]
[Black "Erigaisi Arjun"]
[Result "0-1"]
[Board "4"]
[TimeControl "180+1"]
[WhiteFideId "1102222"]
[BlackFideId "35009192"]
[WhiteElo "2638"]
[BlackElo "3099"]
[WhiteTeam "POL"]
[BlackTeam "IND"]
[WhiteClock "0:00:00"]
[BlackClock "0:00:52"]

1. e4 c6 2. d4 d5 3. e5 Bf5 4. c4 e6 5. Nc3 Nd7 6. a3 Ne7 7. cxd5 Nxd5 8. Nxd5 exd5 9. Bd3 Bxd3 10. Qxd3 c5 11. Ne2 c4 12. Qg3 Qa5+ 13. Bd2 Qb6 14. O-O Qxb2 15. Rad1 Qxa3 16. Nf4 Qxg3 17. hxg3 Nb6 18. Ba5 g5 19. Nh5 Kd7 20. f4 g4 21. f5 Na4 22. Rde1 b6 23. Bd2 c3 24. Bg5 Kc6 25. e6 fxe6 26. fxe6 Bd6 27. e7 Rhg8 28. Bf4 Rge8 29. Re6 Rxe7 30. Rxd6+ Kb5 31. Nf6 Kc4 32. Nxd5 Re2 33. Ne3+ Kb3 34. Rc6 h5 35. Rb1+ Rb2 36. Rc1 Re8 37. d5 b5 38. d6 b4 39. d7 Rd8 40. Rd1 c2 41. Nxc2 Rxc2 42. Rd3+ Kb2 43. Rcd6 Nb6 44. Be5+ Ka2 45. Bf6 Rxd7 46. Rxd7 Nxd7 47. Rxd7 a5 48. Ra7 Rc5 49. Bd8 b3 50. Bxa5 Kb1 51. Bb6 Rd5 52. Be3 b2 53. Rb7 Kc2 54. Rc7+ Kd3 55. Rb7 Kc3 56. Kf2 Rd1 0-1

[Event "December 12 Late 2023"]
[Site "https://www.chess.com"]
[Date "2023.12.12"]
[Round "2"]
[White "Duda, Jan-Krzysztof"]
[Black "Manukyan, Sargis A."]
[Result "1-0"]
[Board "5"]
[TimeControl "180+1"]
[WhiteFideId "1170546"]
[BlackFideId "13303970"]
[WhiteElo "3061"]
[BlackElo "2634"]
[WhiteTeam "POL"]
[BlackTeam "ARM"]
[WhiteClock "0:00:24"]
[BlackClock "0:00:02"]

1. e4 c5 2. Nf3 d6 3. d4 cxd4 4. Nxd4 Nf6 5. Nc3 g6 6. f3 Bg7 7. Be3 O-O 8. Bc4 Nc6 9. Bb3 Bd7 10. Qd2 Rc8 11. h4 Nxd4 12. Bxd4 b5 13. Bxa7 b4 14. Ne2 Qa5 15. Be3 Ba4 16. O-O Bb5 17. Rfd1 Nh5 18. Nd4 Bd7 19. a3 Qc7 20. axb4 Kh8 21. g4 Nf6 22. Ne2 Be6 23. Ra7 Qc6 24. Nd4 Qe8 25. Bxe6 fxe6 26. Nxe6 Rf7 27. Ng5 Rf8 28. Ne6 Rf7 29. e5 Nd7 30. Nxg7 Kxg7 31. e6 Ne5 32. exf7 Nxf3+ 33. Kg2 Qxf7 34. Bh6+ Kg8 35. Qf2 Nxh4+ 36. Qxh4 Rxc2+ 37. Kg1 Qe8 38. Rxe7 Qa8 39. Rg7+ Kh8 40. Rb7 Rg2+ 41. Kxg2 Qxb7+ 42. Kh2 g5 43. Qxg5 Qf7 44. Qd8+ Qg8 45. Qf6+ Qg7 46. Qxg7# 1-0

[Event "December 12 Late 2023"]
[Site "https://www.chess.com"]
[Date "2023.12.12"]
[Round "2"]
[White "Dobrikov, Marco"]
[Black "Fedoseev, Vladimir"]
[Result "0-1"]
[Board "6"]
[TimeControl "180+1"]
[WhiteFideId "12950378"]
[BlackFideId "24130737"]
[WhiteElo "2632"]
[BlackElo "3059"]
[WhiteTeam "GER"]
[BlackTeam "SLO"]
[WhiteClock "0:00:13"]
[BlackClock "0:00:57"]

1. d4 Nf6 2. Bf4 b6 3. Nd2 Bb7 4. Ngf3 g6 5. c3 Bg7 6. Qc2 c5 7. e3 d6 8. Bd3 O-O 9. h4 cxd4 10. cxd4 Nc6 11. a3 Rc8 12. Qb1 e5 13. Bg5 exd4 14. e4 h6 15. Bxf6 Qxf6 16. h5 g5 17. O-O g4 18. Nh2 Qg5 19. f4 gxf3 20. Ndxf3 Qe3+ 21. Kh1 Ne5 22. Nxe5 Bxe5 23. Ng4 Qg5 24. Nxe5 Qxh5+ 25. Kg1 dxe5 26. Rf5 Qg6 27. Qf1 f6 28. Rc1 Rxc1 29. Qxc1 Rc8 30. Qd1 Rc7 31. Qb3+ Kh7 32. Qe6 Rg7 33. Rf2 Bxe4 34. Bxe4 Qxe4 35. Qxf6 d3 36. Qd6 Qe1+ 37. Rf1 Qe3+ 38. Kh2 Qe2 39. Rf6 Qxg2# 0-1

[Event "December 12 Late 2023"]
[Site "https://www.chess.com"]
[Date "2023.12.12"]
[Round "2"]
[White "Martinez Alcantara, Jose Eduardo"]
[Black "Stankovic, Boris"]
[Result "1-0"]
[Board "7"]
[TimeControl "180+1"]
[WhiteFideId "3805662"]
[BlackFideId "985317"]
[WhiteElo "3058"]
[BlackElo "2629"]
[WhiteTeam "PER"]
[BlackTeam "SRB"]
[WhiteClock "0:01:44"]
[BlackClock "0:00:02"]

1. e4 c5 2. Nf3 e6 3. c3 d5 4. e5 Nc6 5. g3 g6 6. Bg2 Bg7 7. d4 Nge7 8. O-O O-O 9. Re1 cxd4 10. cxd4 Nf5 11. Nc3 Bd7 12. Bg5 Qa5 13. g4 Nfe7 14. Bf6 Rfc8 15. a3 Bf8 16. b4 Qb6 17. Na4 Qd8 18. Nc5 b6 19. Nb7 Qc7 20. Nd6 Rcb8 21. Rc1 a6 22. Ng5 Be8 23. h4 h6 24. Nf3 Qd7 25. h5 Kh7 26. Bf1 Ng8 27. Bh4 Bxd6 28. exd6 Qxd6 29. Bg3 Qd8 30. hxg6+ fxg6 31. Rxe6 Rb7 32. Rcxc6 Bxc6 33. Rxc6 Rf7 34. Ne5 Rg7 35. Qc2 Qg5 36. f4 Qe7 37. Rxg6 Rf8 38. Rxh6+ Kxh6 39. Qh2+ 1-0

[Event "December 12 Late 2023"]
[Site "https://www.chess.com"]
[Date "2023.12.12"]
[Round "2"]
[White "Vlassov, Nikolai"]
[Black "Lazavik, Denis"]
[Result "0-1"]
[Board "8"]
[TimeControl "180+1"]
[WhiteFideId "4103360"]
[BlackFideId "13515110"]
[WhiteElo "2625"]
[BlackElo "3053"]
[WhiteTeam "FID"]
[BlackTeam "BLR"]
[WhiteClock "0:00:02"]
[BlackClock "0:00:22"]

1. e4 c5 2. c3 d5 3. exd5 Qxd5 4. d4 Nf6 5. Nf3 e6 6. a3 Nc6 7. Be3 cxd4 8. cxd4 Be7 9. Nc3 Qd6 10. Bd3 O-O 11. Qc2 h6 12. Rc1 Bd7 13. Qd2 e5 14. Nb5 Qb8 15. dxe5 Nxe5 16. Nc7 Nxd3+ 17. Qxd3 Bc6 18. Nxa8 Qxa8 19. O-O b6 20. Bd4 Rd8 21. Rfd1 Bc5 22. Qe3 Re8 23. Qf4 Re4 24. Qd2 Rg4 25. Bxc5 Bxf3 26. Qd8+ Kh7 27. Qxa8 Rxg2+ 28. Kf1 Bxa8 29. Bd4 Ng4 30. Ke2 Nxh2 31. Rg1 Rxg1 32. Rxg1 f6 33. Rc1 Nf3 34. Be3 h5 35. Rc8 Be4 36. Re8 f5 37. Re7 h4 38. Bf4 h3 39. Be5 Nxe5 0-1

[Event "December 12 Late 2023"]
[Site "https://www.chess.com"]
[Date "2023.12.12"]
[Round "2"]
[White "Pranav, V"]
[Black "Spata, German"]
[Result "1-0"]
[Board "9"]
[TimeControl "180+1"]
[WhiteFideId "25060783"]
[BlackFideId "113026"]
[WhiteElo "3053"]
[BlackElo "2622"]
[WhiteTeam "IND"]
[BlackTeam "ARG"]
[WhiteClock "0:01:57"]
[BlackClock "0:00:00"]

1. e4 e6 2. d4 d5 3. Nc3 dxe4 4. Nxe4 Bd7 5. Nf3 Bc6 6. Bd3 Nd7 7. O-O Ngf6 8. Ng3 g6 9. Re1 Bg7 10. c3 O-O 11. h3 Re8 12. Bf4 Bxf3 13. Qxf3 c6 14. Rad1 Qa5 15. Bb1 Qd5 16. Qd3 Qb5 17. Qd2 Nb6 18. b3 Nbd7 19. c4 Qb6 20. Bh6 Rad8 21. Be3 Qc7 22. Qc1 Nb6 23. Bf4 Qc8 24. Bh6 Nbd7 25. Bg5 Qc7 26. Ne4 e5 27. dxe5 Rxe5 28. Bf4 1-0

[Event "December 12 Late 2023"]
[Site "https://www.chess.com"]
[Date "2023.12.12"]
[Round "2"]
[White "Sarana, Alexey"]
[Black "Boyer, Mahel"]
[Result "1-0"]
[Board "10"]
[TimeControl "180+1"]
[WhiteFideId "24133795"]
[BlackFideId "45102422"]
[WhiteElo "3041"]
[BlackElo "2621"]
[WhiteTeam "SRB"]
[BlackTeam "FRA"]
[WhiteClock "0:00:12"]
[BlackClock "0:00:00"]

1. d4 Nf6 2. c4 e6 3. Nc3 c5 4. d5 exd5 5. cxd5 g6 6. e4 d6 7. Nf3 Bg4 8. Qa4+ Nbd7 9. Nd2 Bh5 10. h3 g5 11. Nc4 a6 12. Qc2 b5 13. Ne3 Bg6 14. Nf5 Bxf5 15. exf5 h6 16. Be2 Bg7 17. h4 O-O 18. hxg5 hxg5 19. Bxg5 Qa5 20. Bd2 Rfe8 21. g4 b4 22. Nd1 Nxg4 23. Kf1 Rxe2 24. Kxe2 Qb5+ 25. Ke1 Nde5 26. Rh3 Re8 27. Be3 Nd3+ 28. Kd2 Ndxf2 29. Nxf2 Nxf2 30. Rf3 Ng4 31. Rg1 Nxe3 32. Rxe3 Rxe3 33. Kxe3 Kf8 34. Kf3 c4 35. Qe4 Qc5 36. Re1 Be5 37. f6 c3 38. bxc3 bxc3 39. Re2 Bxf6 40. Qe8+ Kg7 41. Rg2+ Kh7 42. Qxf7+ 1-0

[Event "December 12 Late 2023"]
[Site "https://www.chess.com"]
[Date "2023.12.12"]
[Round "2"]
[White "Olsen, Filip Boe"]
[Black "Bluebaum, Matthias"]
[Result "0-1"]
[Board "11"]
[TimeControl "180+1"]
[WhiteFideId "1440640"]
[BlackFideId "24651516"]
[WhiteElo "2615"]
[BlackElo "3033"]
[WhiteTeam "DEN"]
[BlackTeam "GER"]
[WhiteClock "0:00:08"]
[BlackClock "0:01:04"]

1. d4 d5 2. Nf3 e6 3. Bf4 c5 4. e3 Nc6 5. c3 Bd6 6. Bg3 Nge7 7. Nbd2 cxd4 8. exd4 O-O 9. Bd3 f6 10. O-O Bxg3 11. hxg3 e5 12. dxe5 fxe5 13. Ng5 e4 14. Ndxe4 dxe4 15. Bc4+ Kh8 16. Qh5 Bf5 17. Rad1 Bg6 18. Rxd8 Bxh5 19. Rd7 Ne5 20. Rxe7 Nxc4 21. b3 Nd6 22. c4 h6 23. Nh3 Rf7 24. Re6 Nf5 25. Nf4 Bg4 26. Ng6+ Kh7 27. Ne5 Nxg3 28. Nxg4 Nxf1 29. Kxf1 Rd8 30. Ke2 Rfd7 31. Rxe4 Rd2+ 32. Kf3 Rxa2 33. Re7 Rd3+ 34. Kf4 Rxb3 35. Nf6+ Kg6 36. Ne8 Rxf2+ 37. Ke5 Re2+ 38. Kd6 Rxe7 39. Kxe7 a5 0-1

[Event "December 12 Late 2023"]
[Site "https://www.chess.com"]
[Date "2023.12.12"]
[Round "2"]
[White "Paravyan, David"]
[Black "Crevatin, Leo"]
[Result "1/2-1/2"]
[Board "12"]
[TimeControl "180+1"]
[WhiteFideId "4194985"]
[BlackFideId "1726307"]
[WhiteElo "3031"]
[BlackElo "2615"]
[WhiteTeam "FID"]
[BlackTeam "SWE"]
[WhiteClock "0:00:53"]
[BlackClock "0:01:01"]

1. e4 e5 2. Nf3 Nc6 3. Bc4 Bc5 4. d3 Nf6 5. O-O d6 6. c3 a5 7. Nbd2 O-O 8. Re1 Be6 9. Bb5 Ba7 10. Nf1 Ne7 11. d4 Ng6 12. Ng3 exd4 13. Nxd4 Bd7 14. Bxd7 Qxd7 15. Bg5 Ng4 16. Ngf5 N4e5 17. f4 Nc6 18. Qg4 Kh8 19. h4 Nxd4 20. cxd4 Bxd4+ 21. Kh2 f6 22. h5 Ne7 23. Bh4 1/2-1/2

[Event "December 12 Late 2023"]
[Site "https://www.chess.com"]
[Date "2023.12.12"]
[Round "2"]
[White "Ambartsumova, Karina"]
[Black "Yoo, Christopher Woojin"]
[Result "0-1"]
[Board "13"]
[TimeControl "180+1"]
[WhiteFideId "4166299"]
[BlackFideId "30909694"]
[WhiteElo "2614"]
[BlackElo "3008"]
[WhiteTeam "RUS"]
[BlackTeam "USA"]
[WhiteClock "0:00:01"]
[BlackClock "0:00:15"]

1. d4 Nf6 2. c4 e6 3. Nc3 Bb4 4. a3 Bxc3+ 5. bxc3 O-O 6. e3 c5 7. Bd3 d5 8. Ne2 dxc4 9. Bxc4 b6 10. O-O Qc7 11. Bd3 Ba6 12. Bb2 Rd8 13. Bxa6 Nxa6 14. Qa4 Qb7 15. c4 cxd4 16. exd4 Rac8 17. Rac1 Ne4 18. Rfd1 Nd6 19. Ng3 b5 20. cxb5 Qxb5 21. Qxb5 Nxb5 22. Rxc8 Rxc8 23. d5 Rd8 24. a4 Nbc7 25. d6 Nd5 26. Rc1 h6 27. Ba3 Nab4 28. Ne4 f5 29. Nc3 Nxc3 30. Rxc3 Rxd6 31. Kf1 a5 32. Rc8+ Kh7 33. Rb8 Rd4 34. Rb5 Nc6 35. Rc5 Rxa4 36. Rxc6 Rxa3 37. Rxe6 a4 38. h4 Ra1+ 39. Ke2 a3 40. h5 a2 41. Ra6 Kg8 42. Kf3 Kf8 43. Kf4 Rh1 44. Rxa2 Rxh5 45. Ra8+ Kf7 46. Ra7+ Kg6 47. Ra6+ Kh7 48. g3 Rh2 49. f3 Rf2 50. Ra3 Kg6 51. Ra6+ Kh5 52. Ra3 g6 53. Rb3 Rf1 54. Ra3 Rb1 55. Ra5 Rb4+ 56. Ke3 Kg5 57. Kf2 Rb2+ 58. Ke3 Rg2 59. f4+ Kg4 60. Ra6 Rxg3+ 61. Kd4 Kxf4 62. Rc6 h5 63. Re6 h4 64. Re1 h3 65. Rf1+ Kg4 66. Ke5 h2 67. Kf6 Rg1 0-1

[Event "December 12 Late 2023"]
[Site "https://www.chess.com"]
[Date "2023.12.12"]
[Round "2"]
[White "Drygalov, Andrey"]
[Black "Rojas Alarcon, Julian Antonio"]
[Result "1-0"]
[Board "14"]
[TimeControl "180+1"]
[WhiteFideId "24171735"]
[BlackFideId "5107407"]
[WhiteElo "3004"]
[BlackElo "2609"]
[WhiteTeam "RUS"]
[BlackTeam "MEX"]
[WhiteClock "0:00:32"]
[BlackClock "0:00:20"]

1. e4 c5 2. Nf3 d6 3. d4 cxd4 4. Nxd4 Nf6 5. Nc3 g6 6. Be3 Bg7 7. f3 O-O 8. Qd2 Nc6 9. Bc4 Bd7 10. O-O-O Qa5 11. Kb1 Ne5 12. Bb3 Rfc8 13. g4 Be8 14. h4 Rxc3 15. Qxc3 Qxc3 16. bxc3 Rc8 17. h5 Rxc3 18. Bd2 Rc8 19. hxg6 hxg6 20. Bh6 Bh8 21. Rh3 Nc4 22. Bf8 Kxf8 23. Rxh8+ Kg7 24. Rh2 b5 25. Rg1 a5 26. Nf5+ gxf5 27. gxf5+ Ng4 28. Rxg4+ Kf6 29. f4 e6 30. Rh6+ Ke7 31. fxe6 fxe6 32. Rg7+ Bf7 33. Rhh7 Rf8 34. Bxc4 bxc4 35. Kb2 Kf6 36. Rxf7+ Rxf7 37. Rxf7+ Kxf7 38. Kc3 d5 39. exd5 exd5 40. Kd4 Ke6 41. f5+ Kxf5 42. Kxd5 c3 43. Kd4 Kf4 44. Kxc3 Ke3 45. a4 Ke2 46. Kc4 Kd2 47. Kb5 Kxc2 48. Kxa5 Kc3 49. Kb5 Kd4 50. a5 Kd5 51. a6 Kd6 52. Kb6 Kd7 53. Kb7 1-0